 Dungeon Crawl Stone Soup version 0.25.1-2-g60ff931df9 (webtiles) character file.

Game seed: 4490940437798112637

506797 DildoBatman the Metallomancer (level 26, 0/184 HPs)
             Began as a Formicid Wizard on Sept 12, 2020.
             Was an Initiate of Gozag.
             Shot with a bolt by a yaktaur captain (42 damage)
             ... on level 5 of the Vaults on Sept 13, 2020.
             The game lasted 03:59:05 (52116 turns).

DildoBatman the Metallomancer (Formicid Wizard)    Turns: 52116, Time: 03:59:06

Health: 0/184      AC: 27    Str: 14    XL:     26   Next: 68%
Magic:  5/43       EV: 16    Int: 37    God:    Gozag
Gold:   12594      SH: 19    Dex: 15    Spells: 8/57 levels left

rFire    + . .     SeeInvis +   f - +6 mace of Feoz {protect, Int+3}
rCold    + + .     Gourm    .   Z - +0 tower shield
rNeg     + + +     Faith    .   o - +4 troll leather armour
rPois    ∞         Spirit   .   (helmet unavailable)
rElec    +         Reflect  .   p - +2 cloak {rPois}
rCorr    +         Harm     .   T - +1 pair of gloves
MR       +++..     Clarity  +   J - +1 pair of boots
Stlth    ++........             m - amulet of magic regeneration
HPRegen  0.80/turn              u - +6 ring of dexterity
MPRegen  0.53/turn              s - +6 ring of intelligence

@: mighty, lich-form, resistant, gold aura, stab, slightly contaminated
A: permanent stasis, dig shafts and tunnels, four strong arms, antennae 3,
talons 2, icy blue scales 1, clarity, shaggy fur 1
}: 2/15 runes: decaying, gossamer
a: Dig, Shaft Self, End Transformation, Potion Petition, Call Merchant, Bribe
Branch, Renounce Religion


You were on level 5 of the Vaults.
You worshipped Gozag.
Gozag was extremely pleased with you.
You were not hungry.
You were a lich.
You visited 10 branches of the dungeon, and saw 44 of its levels.
You also visited: Sewer, Ossuary, Gauntlet and Ice Cave.

You collected 19867 gold pieces.
You spent 3579 gold pieces at shops.
You paid 3694 gold pieces to Gozag.

Inventory:

Hand Weapons
 a - the +10 hunting sling of Nirilule {venom, +Inv rElec Int-2}
   (You found it on level 1 of the Elven Halls)

   It poisons the ammo it fires.
   It affects your intelligence (-2).
   It insulates you from electricity.
   It lets you turn invisible.
 d - the +4 mace of Distraction {flame, rN+ Dex+9}
   (You found it on level 11 of the Dungeon)

   It has been specially enchanted to burn those struck by it, causing extra
   injury to most foes and up to half again as much damage against particularly
   susceptible opponents.
   It affects your dexterity (+9).
   It protects you from negative energy.
 e - the +7 hunting sling "Ogreslayer" {flame, rElec rF- MR+ Str+2}
   (You bought it in a shop on level 2 of the Orcish Mines)

   It causes projectiles fired from it to burn those they strike, causing extra
   injury to most foes and up to half again as much damage against particularly
   susceptible opponents.
   It affects your strength (+2).
   It makes you vulnerable to fire.
   It insulates you from electricity.
   It affects your resistance to hostile enchantments.
 f - the +6 mace of Feoz (weapon) {protect, Int+3}
   (You bought it in a shop on level 2 of the Orcish Mines)

   It grants its wielder temporary protection when it strikes (+7 to AC).
   It affects your intelligence (+3).
Missiles
 g - 1437 arrows
 D - 409 bolts
 M - 10 atropa-tipped darts (quivered)
 N - 16 silver javelins
 P - 173 sling bullets
 Y - 5 throwing nets
Armour
 o - a +4 troll leather armour (worn)
 p - a +2 cloak of poison resistance (worn)
 J - a +1 pair of boots (worn)
 T - a +1 pair of gloves (worn)
 Z - a +0 tower shield (worn)
Magical Staves
 b - an uncursed staff of death
Jewellery
 m - an amulet of magic regeneration (around neck)
 n - an uncursed ring of protection from fire
 r - an uncursed ring of resist corrosion
 s - a +6 ring of intelligence (right hand)
 u - a +6 ring of dexterity (left hand)
 y - a +6 ring of dexterity
Wands
 k - a wand of acid (42)
 t - a wand of clouds (20)
 G - a wand of iceblast (79)
Scrolls
 i - 4 scrolls of summoning
 x - 21 scrolls of remove curse
 z - 15 scrolls of identify
 C - 4 scrolls of magic mapping
 I - 8 scrolls of immolation
 O - 4 scrolls of fog
 V - 3 scrolls of torment
Potions
 c - 8 potions of magic
 l - 3 potions of invisibility
 w - 10 potions of might
 A - 17 potions of curing
 H - 2 potions of ambrosia
 K - a potion of cancellation
 L - 2 potions of resistance
 S - 5 potions of brilliance
 W - 5 potions of heal wounds
Miscellaneous
 h - 3 boxes of beasts
 q - a lightning rod (4/4)
 Q - a phial of floods
Comestibles
 v - 52 rations


   Skills:
 - Level 10.0 Fighting
 - Level 10.0 Armour
 - Level 7.0 Dodging
 - Level 2.4 Stealth
 - Level 15.0 Shields
 - Level 16.0 Spellcasting
 - Level 6.0 Conjurations
 - Level 6.0 Charms
   Level 1.0 Summonings
 - Level 19.0 Necromancy
   Level 0.8 Translocations
 - Level 19.0 Transmutations
 - Level 5.0 Fire Magic
   Level 6.0 Air Magic
 * Level 23.4 Earth Magic


You had 8 spell levels left.
You knew the following spells:

 Your Spells              Type           Power        Failure   Level  Hunger
a - Borgnjor's Vile Clut  Necr/Erth      ########..   0%          5    N/A
b - Shatter               Erth           ########..   10%         9    N/A
c - Dispel Undead         Necr           ########     0%          4    N/A
d - Necromutation         Tmut/Necr      ########..   3%          8    N/A
e - Conjure Flame         Conj/Fire      ######..     1%          3    N/A
f - Petrify               Tmut/Erth      ########     0%          4    N/A
g - Ozocubu's Armour      Chrm/Ice       ######..     1%          3    N/A
h - Bolt of Magma         Conj/Fire/Erth #######...   1%          5    N/A
i - Statue Form           Tmut/Erth      ########.    1%          6    N/A
z - Sublimation of Blood  Necr           ########..   0%          2    N/A

Your spell library contained the following spells:

 Spells                   Type           Power        Failure   Level  Hunger
 Animate Skeleton         Necr           N/A          0%          1    N/A
 Beastly Appendage        Tmut           ######       0%          1    N/A
 Pain                     Necr           ####         0%          1    N/A
 Corpse Rot               Necr/Air       N/A          0%          2    N/A
 Sticks to Snakes         Tmut           ########     0%          2    N/A
 Vampiric Draining        Necr           ########..   0%          3    N/A
 Animate Dead             Necr           N/A          0%          4    N/A
 Agony                    Necr           ########     0%          5    N/A
 Blade Hands              Tmut           ########..   0%          5    N/A
 Corona                   Hex            ####...      1%          1    N/A
 Freeze                   Ice            ####         1%          1    N/A
 Magic Dart               Conj           ####         1%          1    N/A
 Shock                    Conj/Air       ####         1%          1    N/A
 Summon Small Mammal      Summ           ####         1%          1    N/A
 Call Imp                 Summ           #####...     1%          2    N/A
 Ensorcelled Hibernation  Hex/Ice        ####..       1%          2    N/A
 Searing Ray              Conj           ######       1%          2    N/A
 Slow                     Hex            ####....     1%          2    N/A
 Dazzling Flash           Conj/Hex       ######       1%          3    N/A
 Inner Flame              Hex/Fire       #####...     1%          3    N/A
 Mephitic Cloud           Conj/Pois/Air  ######..     1%          3    N/A
 Spider Form              Tmut/Pois      #######...   1%          3    N/A
 Static Discharge         Conj/Air       ######..     1%          3    N/A
 Ice Form                 Ice/Tmut       #######.     1%          4    N/A
 Leda's Liquefaction      Hex/Erth       #######...   1%          4    N/A
 Yara's Violent Unravell  Hex/Tmut       #######...   1%          5    N/A
 Death Channel            Necr           ########..   1%          6    N/A
 Iron Shot                Conj/Erth      #######...   1%          6    N/A
 Recall                   Summ/Tloc      N/A          2%          3    N/A
 Gell's Gravitas          Tloc           #####.....   3%          3    N/A
 Lesser Beckoning         Tloc           #####.....   3%          3    N/A
 Portal Projectile        Hex/Tloc       ####..       3%          3    N/A
 Iskenderun's Mystic Bla  Conj/Tloc      ######..     3%          4    N/A
 Summon Lightning Spire   Summ/Air       ######..     3%          4    N/A
 Lightning Bolt           Conj/Air       ######....   3%          5    N/A
 Borgnjor's Revivificati  Necr           ########..   3%          8    N/A
 Infestation              Necr           ########..   3%          8    N/A
 Confusing Touch          Hex            ####....     4%          3    N/A
 Frozen Ramparts          Ice            ####..       4%          3    N/A
 Fulminant Prism          Conj/Hex       ######....   4%          4    N/A
 Hailstorm                Conj/Ice       ######..     4%          4    N/A
 Simulacrum               Ice/Necr       #######...   4%          6    N/A
 Passage of Golubria      Tloc           N/A          10%         4    N/A
 Summon Ice Beast         Ice/Summ       ####....     11%         4    N/A
 Silence                  Hex/Air        ######....   11%         5    N/A
 Cause Fear               Hex            ####......   14%         4    N/A
 Conjure Ball Lightning   Conj/Air       ######....   19%         6    N/A
 Haunt                    Necr/Summ      ########..   19%         7    N/A
 Metabolic Englaciation   Hex/Ice        ####......   36%         5    N/A
 Death's Door             Chrm/Necr      ########..   47%         8    N/A
 Shadow Creatures         Summ           N/A          80%         6    N/A
 Darkness                 Hex            ####......   91%         6    N/A
 Malign Gateway           Summ/Tloc      #####.....   100%        7    N/A
 Monstrous Menagerie      Summ           #####.....   100%        7    N/A
 Summon Greater Demon     Summ           #####.....   100%        7    N/A
 Discord                  Hex            ####......   100%        8    N/A
 Disjunction              Tloc           #####.....   100%        8    N/A
 Ignition                 Fire           ######....   100%        8    N/A
 Summon Horrible Things   Summ           #####.....   100%        8    N/A
 Tornado                  Air            ######....   100%        9    N/A
 Blink                    Tloc           Unusable     N/A         2    N/A
 Swiftness                Chrm/Air       Unusable     N/A         2    N/A

Dungeon Overview and Level Annotations

Branches:
Dungeon (15/15)            Temple (1/1) D:4            Lair (6/6) D:8
  Swamp (4/4) Lair:3       Spider (4/4) Lair:3        Slime (0/5) Lair:6
    Orc (2/2) D:12            Elf (3/3) Orc:2        Vaults (5/5) D:14
  Crypt (3/3) Vaults:3       Tomb (1/3) Crypt:3      Depths (0/5) D:15
  Sewer (visited)         Ossuary (visited)           IceCv (visited)
Gauntlet (visited)

Altars:
Ashenzari
Cheibriados
Dithmenos
Elyvilon
Fedhas
Gozag
Hepliaklqana
Kikubaaqudgha
Makhleb
Nemelex Xobeh
Okawaru
Qazlal
Ru
Sif Muna
Trog
Uskayaw
Vehumet
Wu Jian
Xom
Yredelemnul
Zin
The Shining One
Beogh

Shops:
D:8 %   D:10 %   Orc:1 ?   Orc:2 :?([   Elf:3 }   Vaults:1 :   Vaults:4 ?((

Portals:
Trove: D:12 (give +3 storm dragon scales)


Innate Abilities, Weirdness & Mutations

You cannot be hasted, slowed, berserked, paralysed or teleported.
You can dig through walls and to a lower floor.
Your four strong arms can wield two-handed weapons with a shield.
You have a pair of large antennae on your head. (SInv)
You have razor-sharp toenails.
You are partially covered in icy blue scales. (AC +2)
You possess an exceptional clarity of mind.
You are covered in fur. (AC +1)


Message History

The dungeon rumbles!
You destroy the flayed ghost!
The shadow dragon is moderately wounded.
You kill the ironbrand convoker!
You kill the orc warrior!
You kill the fire giant!
Ka-crash!
You hear a shout! x5
You hear an angry hiss.
You hear a shout!
A moth of wrath comes into view.
The shadow dragon becomes distracted by the nearby gold, dreaming of imaginary riches.
A deep elf mage comes into view. It is wielding a +0 short sword.
A yaktaur captain comes into view.
Found 6 gold pieces.
The yaktaur captain wields a +0 arbalest.
The yaktaur captain shoots a bolt.
The bolt hits you!!!
You die...
Your body crumbles into a pile of gold.

#.$#
......#{
#.y# .....##
##$$# ..e#
$$$ .($# ...
$ $ ###.)##
c..# $$
#.#... ....#
$$
#..$D#.....#
$$$
#..........
##L.#.....#
#...#.....
#...# ....
#..## ...
...# $. #.$.
. #... #....


You could see a shadow dragon (unaware), a yaktaur captain, a moth of wrath and
a deep elf mage.

Vanquished Creatures
  2 ancient liches
  2 greater mummies (Tomb:1)
  Sojobo (Vaults:5)
  Boris (thrice) (Vaults:4 Crypt:2 Tomb:1)
  Margery (Crypt:1)
  Saint Roka (Crypt:1)
  Bai Suzhen (Swamp:2)
  A golden dragon (Vaults:5)
  Arachne (Spider:4)
  A bone dragon (Crypt:3)
  A shard shrike zombie (Crypt:2)
  Rupert (D:15)
  2 liches (Crypt:3)
  A tentacled monstrosity (Vaults:5)
  2 deep elf master archers (Elf:3)
  10 sphinxes
  8 tengu reavers
  5 ancient champions
  4 revenants
  3 shadow dragons
  Roxanne (D:14)
  6 fire giants
  7 deep elf sorcerers
  4 frost giants
  4 ghost moths
  10 vault wardens
  8 emperor scorpions
  An orc warlord (Orc:2)
  A curse skull (Vaults:3)
  5 deep elf elementalists (Elf:3)
  14 ironheart preservers
  A juggernaut skeleton (Crypt:1)
  6 war gargoyles
  3 entropy weavers
  3 stone giants
  3 very ugly things
  5 vampire knights
  10 deep elf demonologists
  2 bennus (Tomb:1)
  8 deep elf annihilators (Elf:3)
  A minotaur (Gauntlet)
  9 spark wasps
  Snorg (Lair:3)
  An eidolon (Crypt:1)
  3 fire dragons
  5 mummy priests (Tomb:1)
  3 crystal guardians (Crypt:3)
  5 jiangshi
  3 ettins
  8 deep elf death magi
  3 great orbs of eyes
  2 deep elf high priests (Elf:3)
  9 ogre magi
  7 yaktaur captains
  17 hydras
  6 ice dragons
  Erolcha (D:13)
  30 vault guards
  2 shambling mangroves (Swamp:4)
  2 catoblepae
  3 death knights
  26 two-headed ogres
  10 alligators
  6 centaur warriors
  6 death scarabs (Tomb:1)
  3 orc high priests (Orc:2)
  A tengu warrior (D:15)
  A queen ant (Spider:4)
  A death yak (Lair:6)
  4 deep troll shamans
  2 vampire magi
  11 hell knights
  19 deep elf knights
  A storm dragon zombie (Crypt:3)
  2 soul eaters
  A titan skeleton (Crypt:1)
  40 skeletal warriors
  A wretched star (Gauntlet)
  2 shadow wraiths
  3 unseen horrors
  A spriggan druid (Swamp:2)
  An iron giant zombie (Crypt:2)
  A ghost moth zombie (Tomb:1)
  7 deep trolls
  A golden dragon zombie (Crypt:3)
  5 flayed ghosts
  2 wizards
  13 ironbrand convokers
  A lindwurm (Lair:6)
  A swamp dragon (shapeshifter) (Vaults:5)
  19 deep elf archers
  3 harpies (Vaults:2)
  6 phantasmal warriors
  An anaconda skeleton (Crypt:2)
  18 orb spiders
  A wolf spider zombie (D:13)
  7 orc knights
  A harpy (shapeshifter) (Vaults:2)
  10 necromancers
  11 swamp dragons
  2 manticores
  2 shadow dragon zombies (Crypt:3)
  41 ugly things
  A golden dragon skeleton (Crypt:3)
  32 wolf spiders
  2 iron dragon zombies
  3 oklob plants (Lair:4)
  6 cyclopes
  2 orc sorcerers
  3 moths of wrath
  61 deep elf magi
  11 elephants
  2 stone giant skeletons
  10 vault sentinels
  A moth of wrath (shapeshifter) (Vaults:5)
  Maurice (Orc:2)
  6 black mambas
  2 ice statues (IceCv)
  2 dire elephant zombies (Crypt:2)
  2 molten gargoyles (Lair:6)
  A torpor snail (Spider:4)
  A sea snake zombie (Crypt:2)
  14 spiny frogs
  3 gargoyles
  An emperor scorpion zombie (Crypt:3)
  6 rime drakes
  9 yaktaurs
  An efreet (D:14)
  6 komodo dragons
  14 demonic crawlers
  A yaktaur (shapeshifter) (D:15)
  2 freezing wraiths (Vaults:2)
  A catoblepas skeleton (D:13)
  11 guardian mummies (Tomb:1)
  A hydra zombie (Crypt:3)
  17 jumping spiders
  4 trolls
  A polar bear (shapeshifter) (Vaults:5)
  25 hornets
  A queen bee (Lair:2)
  A tengu conjurer (D:13)
  3 polar bears
  A meliai (shapeshifter) (Elf:2)
  A harpy skeleton (Crypt:2)
  4 tyrant leeches
  A queen bee (shapeshifter) (Elf:3)
  Prince Ribbit (D:8)
  A wind drake (shapeshifter) (Vaults:4)
  29 slime creatures
  2 bog bodies
  A shadow dragon simulacrum (Crypt:2)
  A slime creature (shapeshifter) (D:15)
  15 blink frogs
  5 dream sheep (Lair:6)
  2 fire dragon zombies (Crypt:3)
  An ettin zombie (Crypt:3)
  A death drake skeleton (Crypt:1)
  4 hippogriffs
  9 spriggans
  2 water elementals
  A centaur simulacrum (D:13)
  62 flying skulls
  An ushabti (Tomb:1)
  7 wraiths
  6 shadows
  A fire dragon skeleton (Crypt:3)
  A vampire (D:14)
  70 redbacks
  4 air elementals
  An ettin skeleton (Crypt:3)
  23 tarantellas
  50 yaks
  A basilisk (shapeshifter) (Vaults:2)
  6 wyverns
  A fire bat (D:11)
  2 fire elementals (Elf:1)
  7 basilisks
  10 vampire mosquitoes
  A hungry ghost (D:13)
  A neqoxec (Gauntlet)
  4 steam dragons
  5 insubstantial wisps (Swamp:1)
  8 wargs
  3 acid dragons
  13 swamp worms
  16 soldier ants
  3 hell hounds (Lair:6)
  14 water moccasins
  2 small abominations (Gauntlet)
  A torturous demonspawn skeleton (Crypt:1)
  A human skeleton (D:13)
  A tengu skeleton (D:13)
  9 porcupines
  4 sky beasts
  14 swamp drakes
  An elephant zombie (Crypt:2)
  21 ice beasts
  2 black bears
  A black bear (shapeshifter) (Vaults:3)
  2 manticore zombies
  A phantom (D:9)
  7 necrophages
  55 orc warriors
  10 boggarts
  13 wolves
  30 ogres
  A swamp dragon skeleton (Crypt:3)
  23 centaurs
  A snapping turtle skeleton (Crypt:1)
  10 crocodiles
  A manticore skeleton (D:13)
  A big kobold (D:10)
  21 bullfrogs
  A merfolk simulacrum (Crypt:2)
  A wyvern skeleton (D:13)
  16 scorpions
  2 troll zombies
  17 wights
  2 warg skeletons (Orc:2)
  35 killer bees
  2 electric eels
  3 howler monkeys (D:7)
  2 troll skeletons
  2 vampire bats (D:3)
  5 lava snakes (Lair:6)
  4 crimson imps
  5 centaur zombies
  9 hounds
  A quasit (D:11)
  A bullfrog zombie (D:11)
  6 jellies
  2 wyvern simulacra (D:13)
  A black bear skeleton (D:13)
  5 centaur skeletons
  31 orc priests
  4 human zombies (Ossuary)
  27 orc wizards
  2 bullfrog skeletons
  5 iguanas
  Natasha (thrice) (D:2)
  30 worker ants
  2 big kobold zombies (Ossuary)
  2 bullfrog simulacra (D:13)
  An acid dragon skeleton (D:13)
  3 ogre zombies
  A naga skeleton (Tomb:1)
  A deep dwarf skeleton (Crypt:2)
  An ogre skeleton (Orc:2)
  2 hound zombies
  A crocodile skeleton (Crypt:1)
  18 mummies
  A worker ant zombie (D:9)
  5 gnolls
  15 adders
  A howler monkey skeleton (D:10)
  A river rat (Lair:2)
  3 scorpion zombies (Ossuary)
  6 orc skeletons (Orc:2)
  4 shadow imps
  6 white imps (D:13)
  4 oozes
  5 worms
  A barachi skeleton (Crypt:2)
  A dart slug (D:3)
  8 leopard geckos
  120 orcs
  6 ball pythons
  5 bat skeletons (D:3)
  2 bat zombies
  7 giant cockroaches
  22 goblins
  8 hobgoblins
  6 jackals (D:5)
  A jackal (shapeshifter) (Vaults:3)
  2 quokkas
  17 bats
  11 frilled lizards
  A gnoll skeleton (Orc:2)
  4 gnoll zombies (Ossuary)
  2 goblin zombies
  2 hobgoblin skeletons
  4 hobgoblin zombies
  A jackal zombie (D:5)
  13 kobolds
  A kobold zombie (Ossuary)
  3 leopard gecko skeletons
  12 orc zombies
  2 quokka skeletons (D:9)
  A quokka zombie (D:4)
  13 rats
  2 rat skeletons
  A fungus (Lair:4)
  3 plants (Lair:4)
2065 creatures vanquished.

Vanquished Creatures (collateral kills)
  A wolf spider (Spider:4)
  3 redbacks
  2 soldier ants (Spider:4)
6 creatures vanquished.

Vanquished Creatures (others)
  31 dancing weapons
  A bog body (Swamp:1)
  A scorpion (Ossuary)
  A killer bee (Lair:2)
  A bullfrog zombie (Crypt:1)
  4 bushes (Lair:6)
  2 demonic plants (Gauntlet)
  4 fungi
  9 plants
  A withered plant (Gauntlet)
55 creatures vanquished.

Grand Total: 2126 creatures vanquished

Notes
Turn   | Place    | Note
-------+----------+-------------------------------------------
     0 | D:1      | DildoBatman the Formicid Wizard began the quest for the
                  | Orb.
     0 | D:1      | Reached XP level 1. HP: 13/13 MP: 4/4
    28 | D:1      | Reached skill level 1 in Conjurations
    88 | D:1      | Found a shimmering altar of Xom.
    94 | D:1      | Reached XP level 2. HP: 19/19 MP: 1/6
   523 | D:1      | Reached XP level 3. HP: 24/24 MP: 3/7
   793 | D:2      | Noticed Natasha
   932 | D:2      | Reached XP level 4. HP: 3/30 MP: 1/8
   943 | D:2      | Learned a level 3 spell: Conjure Flame
   947 | D:2      | Learned a level 3 spell: Mephitic Cloud
  1343 | D:2      | Reached XP level 5. HP: 35/35 MP: 3/9
  1848 | D:3      | Found an iron altar of Okawaru.
  2341 | D:3      | Reached XP level 6. HP: 34/41 MP: 4/10
  2465 | D:3      | Reached skill level 5 in Conjurations
  2657 | D:3      | Found an ancient bone altar of Kikubaaqudgha.
  2690 | D:3      | Became a worshipper of Kikubaaqudgha
  2725 | D:3      | Reached skill level 1 in Fire Magic
  2725 | D:3      | Reached skill level 1 in Air Magic
  3040 | D:3      | Reached * piety under Kikubaaqudgha
  3040 | D:3      | Identified Kikubaaqudgha's Tome of Evil (Kikubaaqudgha
                  | gifted it to you on level 3 of the Dungeon)
  3040 | D:3      | Received a gift from Kikubaaqudgha
  3152 | D:2      | Killed Natasha
  3538 | D:2      | Noticed Natasha
  3544 | D:2      | Killed Natasha
  3544 | D:2      | Reached XP level 7. HP: 46/46 MP: 5/11
  3575 | D:2      | Noticed Natasha
  3585 | D:2      | Killed Natasha
  3686 | D:4      | Found a blossoming altar of Fedhas.
  3793 | D:4      | Found a staircase to the Ecumenical Temple.
  3882 | D:4      | Found a sand-covered staircase.
  3902 | Ossuary  | Entered an ossuary
  4077 | Ossuary  | Reached XP level 8. HP: 52/52 MP: 7/12
  4190 | Ossuary  | Reached ** piety under Kikubaaqudgha
  4936 | D:5      | Entered Level 5 of the Dungeon
  5364 | D:5      | Reached skill level 5 in Fire Magic
  5500 | D:5      | Found an ornate altar of the Wu Jian Council.
  5500 | D:5      | Found a hide-covered altar of Uskayaw.
  5903 | D:6      | Found a glowing drain.
  5980 | D:6      | Reached skill level 5 in Air Magic
  5980 | D:6      | Reached XP level 9. HP: 47/58 MP: 6/13
  6051 | Sewer    | Entered a sewer
  6119 | Sewer    | Reached *** piety under Kikubaaqudgha
  6119 | Sewer    | Identified Kikubaaqudgha's Tome of Sinister Rites
                  | (Kikubaaqudgha gifted it to you in a sewer)
  6119 | Sewer    | Received a gift from Kikubaaqudgha
  6165 | Sewer    | Reached skill level 1 in Fighting
  6168 | Sewer    | Reached skill level 1 in Armour
  7433 | D:7      | Found a sacrificial altar of Ru.
  7495 | D:7      | Noticed a hippogriff
  7509 | D:7      | Killed a hippogriff
  7509 | D:7      | Reached skill level 1 in Necromancy
  7517 | D:7      | Learned a level 2 spell: Sublimation of Blood
  7521 | D:7      | Learned a level 3 spell: Vampiric Draining
  7808 | D:7      | Found a shadowy altar of Dithmenos.
  8084 | D:8      | Learned a level 4 spell: Dispel Undead
  8113 | D:8      | Reached XP level 10. HP: 60/71 MP: 11/16
  8121 | D:8      | Found a white marble altar of Elyvilon.
  8174 | D:8      | Noticed Prince Ribbit
  8186 | D:8      | Killed Prince Ribbit
  8214 | D:8      | Noticed an elephant
  8231 | D:8      | Killed an elephant
  8241 | D:8      | Found a staircase to the Lair.
  8601 | D:8      | Found Laj Saho's Food Emporium.
  8805 | D:9      | Reached skill level 1 in Shields
  9055 | D:9      | Noticed a two-headed ogre
  9104 | D:9      | Killed a two-headed ogre
  9104 | D:9      | Reached skill level 5 in Shields
  9175 | D:9      | Reached **** piety under Kikubaaqudgha
  9417 | D:9      | Found a glowing golden altar of the Shining One.
  9417 | D:9      | Found a white marble altar of Elyvilon.
  9417 | D:9      | Found a glowing silver altar of Zin.
  9733 | D:10     | Entered Level 10 of the Dungeon
  9740 | D:10     | Noticed an unseen horror
  9753 | D:10     | Noticed an unseen horror
  9760 | D:10     | Killed an unseen horror
  9760 | D:10     | Reached XP level 11. HP: 78/78 MP: 8/18
  9760 | D:10     | Noticed an orc knight
  9845 | D:10     | Found a stormy altar of Qazlal.
  9846 | D:10     | Found an opulent altar of Gozag.
  9846 | D:10     | Found a glowing golden altar of the Shining One.
  9846 | D:10     | Found a snail-covered altar of Cheibriados.
  9896 | D:9      | Killed an unseen horror
  9933 | D:10     | Noticed a cyan ugly thing
  9945 | D:10     | Noticed a green ugly thing
 10029 | D:10     | Reached skill level 5 in Spellcasting
 10278 | D:10     | Learned a level 5 spell: Borgnjor's Vile Clutch
 10467 | D:10     | Killed an orc knight
 10467 | D:10     | Reached skill level 5 in Necromancy
 10467 | D:10     | Reached skill level 2 in Earth Magic
 10668 | D:10     | Reached ***** piety under Kikubaaqudgha
 10765 | D:10     | Reached skill level 3 in Earth Magic
 10787 | D:10     | Found Oguygiem's Food Shoppe.
 10906 | D:10     | Killed a white ugly thing
 10975 | D:10     | Killed a cyan ugly thing
 10975 | D:10     | Reached skill level 4 in Earth Magic
 11533 | D:11     | Noticed a cyclops
 11544 | D:11     | Killed a cyclops
 11985 | D:11     | Noticed a seven-headed hydra
 11991 | D:11     | Killed a seven-headed hydra
 11991 | D:11     | Reached skill level 5 in Earth Magic
 12004 | D:11     | Found a glowing silver altar of Zin.
 12032 | D:11     | Found a runed translucent door.
 12049 | D:11     | Reached XP level 12. HP: 79/85 MP: 16/21
 12060 | D:11     | Reached skill level 6 in Earth Magic
 12088 | D:11     | Noticed a flayed ghost
 12097 | D:11     | Found a shimmering altar of Xom.
 12123 | D:11     | Found a glowing silver altar of Zin.
 12133 | D:11     | Found a bloodstained altar of Trog.
 12140 | D:11     | Found a blossoming altar of Fedhas.
 12187 | D:11     | Found a sacrificial altar of Ru.
 12245 | D:11     | Killed a flayed ghost
 12245 | D:11     | Reached skill level 7 in Earth Magic
 12250 | D:11     | Got a bone mace
 12255 | D:11     | Identified the +4 mace of Distraction {flame, rN+ Dex+9}
                  | (You found it on level 11 of the Dungeon)
 12566 | D:12     | Reached skill level 8 in Earth Magic
 13117 | D:12     | Noticed an eight-headed hydra
 13121 | D:12     | Killed an eight-headed hydra
 13123 | D:12     | Found a portal to a secret trove of treasure.
 13170 | D:12     | Reached skill level 9 in Earth Magic
 13178 | D:12     | Reached skill level 5 in Fighting
 13185 | D:12     | Reached skill level 5 in Armour
 13419 | D:12     | Found a staircase to the Orcish Mines.
 13689 | Orc:1    | Entered Level 1 of the Orcish Mines
 13711 | Orc:1    | Reached ****** piety under Kikubaaqudgha
 13767 | D:12     | Received a gift from Kikubaaqudgha
 13771 | D:12     | Fell from the grace of Kikubaaqudgha
 13877 | D:10     | Became a worshipper of Gozag Ym Sagoz the Greedy
 14018 | Temple   | Entered the Ecumenical Temple
 14426 | Orc:1    | Found Raylaogi's Magic Scroll Boutique.
 14535 | Orc:1    | Bought a scroll of magic mapping for 45 gold pieces
 14535 | Orc:1    | Bought a scroll of fog for 26 gold pieces
 14708 | Orc:1    | Reached skill level 5 in Dodging
 14861 | Orc:2    | Entered Level 2 of the Orcish Mines
 14968 | Orc:2    | Noticed an orc high priest
 14976 | Orc:2    | Killed an orc high priest
 14976 | Orc:2    | Reached XP level 13. HP: 74/93 MP: 15/23
 15218 | Orc:2    | Found a roughly hewn altar of Beogh.
 15223 | Orc:2    | Found Echula Heqa's Book Shop.
 15295 | Orc:2    | Found a roughly hewn altar of Beogh.
 15318 | Orc:2    | Found Agits's Magic Scroll Shoppe.
 15550 | Orc:2    | Noticed Maurice
 15587 | Orc:2    | Killed Maurice
 15790 | Orc:2    | Found a roughly hewn altar of Beogh.
 15813 | Orc:2    | Found a staircase to the Elven Halls.
 15828 | Orc:2    | Found a roughly hewn altar of Beogh.
 15898 | Orc:2    | Found a roughly hewn altar of Beogh.
 15951 | Orc:2    | Found a roughly hewn altar of Beogh.
 15960 | Orc:2    | Found a roughly hewn altar of Beogh.
 16197 | Orc:2    | Noticed an orc warlord
 16214 | Orc:2    | Killed an orc warlord
 16288 | Orc:2    | Found Ceeleim's Antique Armour Boutique.
 16289 | Orc:2    | Found a roughly hewn altar of Beogh.
 16290 | Orc:2    | Found Zofaapt's Antique Weapon Shop.
 16401 | Orc:2    | Bought a masterwork mace for 296 gold pieces
 16401 | Orc:2    | Bought a scorched quarterstaff for 333 gold pieces
 16401 | Orc:2    | Bought a twisted hunting sling for 240 gold pieces
 16404 | Orc:2    | Identified the +6 mace of Feoz {protect, Int+3} (You bought
                  | it in a shop on level 2 of the Orcish Mines)
 16405 | Orc:2    | Identified the cursed +3 quarterstaff of Daskieh {vorpal,
                  | MR++ Str-5 SInv} (You bought it in a shop on level 2 of the
                  | Orcish Mines)
 16407 | Orc:2    | Identified the +7 hunting sling "Ogreslayer" {flame, rElec
                  | rF- MR+ Str+2} (You bought it in a shop on level 2 of the
                  | Orcish Mines)
 16411 | Orc:2    | Bought a pair of boots for 144 gold pieces
 16411 | Orc:2    | Bought a glowing cloak for 240 gold pieces
 16526 | Orc:1    | Bought a scroll of identify for 26 gold pieces
 16526 | Orc:1    | Bought a scroll of identify for 26 gold pieces
 16526 | Orc:1    | Bought a scroll of immolation for 45 gold pieces
 16567 | Orc:2    | Bought a scroll of identify for 32 gold pieces
 16567 | Orc:2    | Bought a scroll of fog for 32 gold pieces
 16567 | Orc:2    | Bought a scroll of immolation for 56 gold pieces
 17548 | D:13     | Noticed Erolcha
 17562 | D:13     | Killed Erolcha
 18079 | D:13     | Was forgiven by Kikubaaqudgha
 18224 | D:14     | Noticed a four-headed hydra
 18230 | D:14     | Killed a four-headed hydra
 18230 | D:14     | Reached XP level 14. HP: 55/107 MP: 1/24
 18288 | D:14     | Found a gate to the Vaults.
 18452 | D:14     | Reached skill level 10 in Fighting
 18452 | D:14     | Reached skill level 10 in Armour
 18568 | D:14     | Found a blossoming altar of Fedhas.
 18581 | D:14     | Noticed Roxanne
 18609 | D:14     | Killed Roxanne
 19500 | D:15     | Entered Level 15 of the Dungeon
 19616 | D:15     | Reached skill level 10 in Earth Magic
 19639 | D:15     | Noticed a red draconian
 19649 | D:15     | Noticed a spark wasp
 19651 | D:15     | a spark wasp changed into an ice dragon
 19671 | D:15     | Found a staircase to the Depths.
 19680 | D:15     | Found a shattered altar of Ashenzari.
 19698 | D:15     | Found a gate leading to a gauntlet.
 19701 | D:15     | Noticed Rupert
 19714 | D:15     | Killed Rupert
 19714 | D:15     | Reached skill level 11 in Earth Magic
 19807 | Gauntlet | Entered a Gauntlet
 19807 | Gauntlet | Found a transporter.
 19807 | Gauntlet | Found a runed translucent door.
 19807 | Gauntlet | Found a transporter.
 19813 | Gauntlet | Found a transporter.
 19834 | Gauntlet | Found a transporter.
 19843 | Gauntlet | Found a transporter.
 19845 | Gauntlet | Found a transporter.
 19845 | Gauntlet | Found a transporter.
 19846 | Gauntlet | Found a transporter.
 19854 | Gauntlet | Found a runed translucent gate.
 19854 | Gauntlet | Found a runed translucent gate.
 19854 | Gauntlet | Found a runed translucent gate.
 19856 | Gauntlet | Found a transporter.
 19872 | Gauntlet | Found a transporter.
 19882 | Gauntlet | Found a transporter.
 19896 | Gauntlet | Found a transporter.
 19916 | Gauntlet | Found a transporter.
 19916 | Gauntlet | Found a transporter.
 19923 | Gauntlet | Found a runed translucent door.
 20044 | Gauntlet | Reached XP level 15. HP: 96/114 MP: 23/28
 20102 | Gauntlet | Learned a level 5 spell: Bolt of Magma
 20109 | Gauntlet | Learned a level 6 spell: Statue Form
 20127 | Gauntlet | Reached skill level 12 in Earth Magic
 20158 | Gauntlet | Got a flickering platinum amulet
 20328 | Gauntlet | Identified the amulet of Diyzif {Spirit rF+ Dex+4} (You
                  | found it in a Gauntlet)
 20519 | Gauntlet | Gained mutation: Potions are less effective at restoring
                  | your health. [potion of mutation]
 20519 | Gauntlet | Gained mutation: You are resistant to electric shocks.
                  | (rElec) [potion of mutation]
 20519 | Gauntlet | Gained mutation: Your mind is acute. (Int +2) [potion of
                  | mutation]
 20684 | D:15     | Reached skill level 13 in Earth Magic
 21365 | D:8      | Lost mutation: Your mind is acute. (Int +2) [potion of
                  | mutation]
 21365 | D:8      | Lost mutation: Potions are less effective at restoring your
                  | health. [potion of mutation]
 21365 | D:8      | Gained mutation: You are covered in fur. (AC +1) [potion of
                  | mutation]
 21365 | D:8      | Gained mutation: You have sharp toenails. [potion of
                  | mutation]
 21366 | D:8      | Lost mutation: You are resistant to electric shocks.
                  | (rElec) [potion of mutation]
 21366 | D:8      | Lost mutation: You are covered in fur. (AC +1) [potion of
                  | mutation]
 21366 | D:8      | Gained mutation: Your body sometimes deteriorates upon
                  | taking damage. [potion of mutation]
 21366 | D:8      | Gained mutation: You are frail. (-10% HP) [potion of
                  | mutation]
 21366 | D:8      | Gained mutation: You have razor-sharp toenails. [potion of
                  | mutation]
 21367 | D:8      | Lost mutation: You are frail. (-10% HP) [potion of
                  | mutation]
 21367 | D:8      | Lost mutation: Your body sometimes deteriorates upon taking
                  | damage. [potion of mutation]
 21367 | D:8      | Gained mutation: Your spells are a little easier to cast,
                  | but a little less powerful. [potion of mutation]
 21367 | D:8      | Gained mutation: You are covered in fur. (AC +1) [potion of
                  | mutation]
 21368 | D:8      | Lost mutation: Your spells are a little easier to cast, but
                  | a little less powerful. [potion of mutation]
 21368 | D:8      | Gained mutation: You possess an exceptional clarity of
                  | mind. [potion of mutation]
 21368 | D:8      | Gained mutation: You are partially covered in icy blue
                  | scales. (AC +2) [potion of mutation]
 21373 | Lair:1   | Entered Level 1 of the Lair of Beasts
 21456 | Lair:1   | Reached skill level 10 in Spellcasting
 22748 | Lair:2   | Got a masterwork plate armour
 23004 | Lair:2   | Identified the +9 plate armour of the Monkey {*Corrode
                  | rC+++ MP+9 SInv} (You found it on level 2 of the Lair of
                  | Beasts)
 23121 | Lair:3   | Noticed Snorg
 23135 | Lair:3   | Killed Snorg
 23360 | Lair:3   | Found a staircase to the Swamp.
 23561 | Lair:3   | Found a hole to the Spider Nest.
 24288 | Lair:4   | Found a frozen archway.
 24319 | IceCv    | Entered an ice cave
 25529 | Lair:4   | Reached XP level 16. HP: 121/121 MP: 28/33
 25554 | Lair:4   | Identified the Tome of Free Expression
 26641 | Lair:6   | Entered Level 6 of the Lair of Beasts
 26750 | Lair:6   | Reached skill level 10 in Shields
 26943 | Lair:6   | Found a large runed translucent door.
 26954 | Lair:6   | Found a large runed translucent door.
 27646 | Lair:6   | Found a staircase to the Slime Pits.
 28314 | Orc:2    | Bought a scroll of acquirement for 832 gold pieces
 28314 | Orc:2    | Bought a scroll of acquirement for 832 gold pieces
 28314 | Orc:2    | Bought a scroll of identify for 32 gold pieces
 28603 | Swamp:1  | Entered Level 1 of the Swamp
 29605 | Swamp:2  | Reached XP level 17. HP: 127/127 MP: 3/35
 30301 | Swamp:3  | Noticed Bai Suzhen
 30342 | Swamp:2  | Killed Bai Suzhen
 30342 | Swamp:2  | Reached skill level 15 in Shields
 30358 | Swamp:2  | Learned a level 3 spell: Ozocubu's Armour
 30918 | Swamp:4  | Entered Level 4 of the Swamp
 30988 | Swamp:4  | Reached skill level 1 in Charms
 30988 | Swamp:4  | Reached skill level 1 in Transmutations
 31499 | Swamp:4  | Got a decaying rune of Zot
 31839 | Spider:1 | Entered Level 1 of the Spider Nest
 32507 | Spider:1 | Got a flickering wooden ring
 32609 | Spider:2 | Identified the ring of Yhonetheaniph {rPois MR+} (You found
                  | it on level 1 of the Spider Nest)
 32641 | Spider:2 | Reached skill level 10 in Necromancy
 32673 | Spider:2 | Reached XP level 18. HP: 134/134 MP: 24/36
 32769 | Spider:2 | Reached skill level 14 in Earth Magic
 32822 | Spider:2 | Reached skill level 5 in Transmutations
 33754 | Spider:3 | Reached skill level 5 in Charms
 34544 | Spider:4 | Entered Level 4 of the Spider Nest
 35352 | Spider:4 | Reached skill level 15 in Earth Magic
 35671 | Spider:4 | Reached XP level 19. HP: 130/140 MP: 6/37
 36049 | Spider:4 | Got a gossamer rune of Zot
 36058 | Spider:4 | Noticed Arachne
 36077 | Spider:4 | Killed Arachne
 36077 | Spider:4 | Reached skill level 16 in Earth Magic
 36368 | Spider:3 | Got an ichor-stained robe
 36379 | Spider:3 | Identified the cursed +0 robe of the Journeyman {Regen+
                  | Int+2} (You found it on level 3 of the Spider Nest)
 36692 | Vaults:1 | Entered Level 1 of the Vaults
 36776 | Vaults:1 | Found Geaw's Book Emporium.
 37274 | Vaults:1 | Noticed a Tzitzimitl
 37526 | Vaults:1 | Reached skill level 17 in Earth Magic
 37926 | Vaults:1 | Reached XP level 20. HP: 147/147 MP: 17/38
 38452 | Vaults:2 | Reached skill level 18 in Earth Magic
 38968 | Vaults:2 | Reached skill level 15 in Necromancy
 39066 | Vaults:2 | You fall into a shaft and drop 2 floors!
 39082 | Vaults:4 | Found Tazoh's Antique Weapon Emporium.
 39519 | Vaults:4 | Found Iniejan's Magic Scroll Boutique.
 39523 | Vaults:4 | Bought a scroll of identify for 36 gold pieces
 39523 | Vaults:4 | Bought a scroll of torment for 135 gold pieces
 39523 | Vaults:4 | Bought a scroll of torment for 135 gold pieces
 39523 | Vaults:4 | Bought a scroll of identify for 36 gold pieces
 39544 | Vaults:4 | Noticed Boris
 39551 | Vaults:4 | Killed Boris
 39944 | Vaults:4 | Reached XP level 21. HP: 145/153 MP: 23/39
 40085 | Vaults:4 | Found Vygiamop's Antique Weapon Emporium.
 41136 | Vaults:3 | Found a staircase to the Crypt.
 42373 | Elf:1    | Entered Level 1 of the Elven Halls
 42527 | Elf:1    | Got a shimmering hunting sling
 42544 | Elf:1    | Identified the +10 hunting sling of Nirilule {venom, +Inv
                  | rElec Int-2} (You found it on level 1 of the Elven Halls)
 42804 | Elf:1    | Identified Sif Muna's Catalogue of Summoning
 43484 | Elf:2    | Found a runed translucent gate.
 43484 | Elf:2    | Found a runed translucent gate.
 43486 | Elf:2    | Reached XP level 22. HP: 159/159 MP: 34/40
 43487 | Elf:2    | Found a runed translucent gate.
 43630 | Elf:2    | Reached skill level 10 in Transmutations
 44182 | Elf:3    | Entered Level 3 of the Elven Halls
 44448 | Elf:3    | Found Ubbur's Gadget Shoppe.
 44676 | Elf:3    | Learned a level 8 spell: Necromutation
 44902 | Elf:3    | HP: 3/159 [deep elf knight/lance of force (29)]
 45096 | Elf:3    | Found the +12 Vampire's Tooth {vamp}
 45103 | Elf:3    | Identified the Reference Book on the Compass
 45162 | Elf:3    | Reached skill level 15 in Transmutations
 45601 | Elf:3    | Got a garnet-encrusted ring mail
 45641 | Elf:3    | Identified the cursed +0 ring mail of Cocytus {Str+3} (You
                  | found it on level 3 of the Elven Halls)
 45676 | Elf:3    | Got a jewelled glaive
 45678 | Elf:3    | Got a fabulously ornate robe
 45680 | Elf:3    | Got heavily runed pearl dragon scales
 45720 | Elf:3    | Identified the +0 robe of Erobirr {rC++ Str+4} (You found
                  | it on level 3 of the Elven Halls)
 45732 | Elf:3    | Identified the +4 pearl dragon scales of Mobineug {rN+
                  | Dex+3 Slay+5 Stlth+} (You found it on level 3 of the Elven
                  | Halls)
 45739 | Elf:3    | Identified the +6 glaive of Muihus {holy, +Blink Stlth+}
                  | (You found it on level 3 of the Elven Halls)
 45757 | Elf:3    | Reached XP level 23. HP: 165/165 MP: 41/41
 46311 | Crypt:1  | Entered Level 1 of the Crypt
 46348 | Crypt:1  | Reached XP level 24. HP: 36/172 MP: 2/41
 46737 | Crypt:1  | Noticed Margery
 46752 | Crypt:1  | Killed Margery
 47328 | Crypt:1  | Noticed Saint Roka
 47339 | Crypt:1  | Killed Saint Roka
 47660 | Crypt:1  | Learned a level 9 spell: Shatter
 47828 | Crypt:2  | Noticed Boris
 47836 | Crypt:2  | Killed Boris
 48591 | Crypt:3  | Entered Level 3 of the Crypt
 48627 | Crypt:3  | Learned a level 4 spell: Petrify
 48630 | Crypt:3  | Learned a level 2 spell: Sublimation of Blood
 48637 | Crypt:3  | Learned a level 6 spell: Statue Form
 48917 | Crypt:3  | Found an ancient bone altar of Kikubaaqudgha.
 48917 | Crypt:3  | Noticed an ancient lich
 48922 | Crypt:3  | Killed an ancient lich
 48940 | Crypt:3  | Identified Daxzerph's Grimoire of Evil Magic
 49007 | Crypt:3  | Reached XP level 25. HP: 177/177 MP: 27/41
 49094 | Crypt:3  | Reached skill level 19 in Earth Magic
 49650 | Crypt:3  | Found a staircase to the Tomb.
 50006 | Tomb:1   | Entered Level 1 of the Tomb of the Ancients
 50123 | Tomb:1   | Reached skill level 20 in Earth Magic
 50513 | Tomb:1   | Noticed Boris
 50521 | Tomb:1   | Killed Boris
 51020 | Tomb:1   | Noticed an ancient lich
 51025 | Tomb:1   | Killed an ancient lich
 51027 | Tomb:1   | Noticed a greater mummy
 51035 | Tomb:1   | Killed a greater mummy
 51035 | Tomb:1   | Reached skill level 15 in Spellcasting
 51050 | Tomb:1   | Noticed a greater mummy
 51245 | Tomb:1   | Killed a greater mummy
 51794 | Vaults:5 | Entered Level 5 of the Vaults
 51795 | Vaults:5 | Reached skill level 21 in Earth Magic
 51796 | Vaults:5 | Reached XP level 26. HP: 184/184 MP: 24/42
 51881 | Vaults:5 | Noticed Sojobo
 52007 | Vaults:5 | Killed Sojobo
 52007 | Vaults:5 | Reached skill level 22 in Earth Magic
 52071 | Vaults:5 | Reached skill level 23 in Earth Magic
 52116 | Vaults:5 | Shot with a bolt by a yaktaur captain

Illustrated notes

Levels and vault maps discovered:
D:1:      matt_arrival_debris, layout_basic, st_stairs_12, xom_teletrap_fun
D:2:      layout_loops_ring, first_ration, uniq_natasha
D:3:      minmay_bubble_buster, layout_loops_ring, lemuel_crystal_altar,
          kennysheep_vampire_church
D:4:      layout_loops_ring, overflow_temple_1_default,
          minmay_temple_entry_glass, enter_ossuary_4
D:5:      layout_layer_cave, gammafunk_temple_overflow_elements
D:6:      layout_loops_cross, portal_sewer_entry_a
D:7:      layout_rooms, nicolae_dithmenos_through_a_glass_darkly,
          nicolae_ru_awakened_eye
D:8:      layout_basic, david_lair_generic, basic_altar, serial_shops,
          kennysheep_mini_moat, uniq_prince_ribbit1
D:9:      layout_irregular_city, good_gods_mini_temple
D:10:     minmay_the_grid_octo_2x2 [minmay_the_grid_octo_tetromino_candy,
          minmay_the_grid_octo_thin_diamonds, minmay_the_grid_octo_shrine,
          minmay_the_grid_octo_prize_star], layout_irregular_city, serial_shops,
          nicolae_shop_window_shopping
D:11:     due_megacathedral, layout_basic
D:12:     layout_big_octagon, david_orc_4, enter_trove_2
D:13:     layout_irregular_city, serial_ice, serial_ice_o, serial_ice_k,
          serial_ice_g, serial_ice_d, serial_ice_m, serial_ice_h, serial_ice_e,
          serial_ice_a, uniq_erolcha
D:14:     layout_roguey, david_vaults_5, fedhas_altar_1, grunt_ogre_cave,
          uniq_roxanne
D:15:     gammafunk_enter_depths_forms, layout_irregular_city,
          ashenzari_altar_1, gauntlet_entry_generic, uniq_rupert
Temple:   minmay_temple_bridge_abc
Lair:1:   layout_long_grid
Lair:2:   regret_index_tunnel_blossom, layout_misc_corridors,
          serial_bayou_shore_b
Lair:3:   layout_regular_city, nicolae_swamp_entry_splash_gauntlet,
          nicolae_spider_entry_non_spiders, grunt_megastairs_1, uniq_snorg
Lair:4:   layout_cave_pods, portal_ice_cave_rime, st_stairs_3,
          chequers_serial_rivers_micro_d, lemuel_fruit_tree,
          minmay_lair_oklob_chamber, grunt_megastairs_2, serial_bayou_shore_a
Lair:5:   layout_hall_layers
Lair:6:   cheibrodos_lair_end_hotspot, layout_gridlike,
          nicolae_slime_entry_slimehenge, wad_woods_06,
          chequers_serial_rivers_room_a, st_stairs_11, minivault_26,
          worms_lemuel
Swamp:1:  layout_basic_swamp, evilmike_swamp_ruin_house_4
Swamp:2:  layout_basic_swamp, evilmike_swamp_ruin_rubble_2, swamp_pool3
Swamp:3:  layout_basic_swamp, evilmike_swamp_ruin_house_6, uniq_bai_suzhen
Swamp:4:  swamp, layout_basic_swamp, roderic_carrion_pond
Spider:1: layout_spider_delve
Spider:2: layout_chambers
Spider:3: layout_spider_delve
Spider:4: johnstein_spider_rune_arachne_lair, zaba_antful_of_joy
Orc:1:    layout_diamond_mine, serial_shops, shop
Orc:2:    grunt_orc_community_town_hall, layout_diamond_mine,
          grunt_orc_community_big_house_2, grunt_orc_community_big_house_1,
          grunt_orc_community_house_3, grunt_orc_community_house_3,
          grunt_orc_community_house_2, grunt_orc_community_house_2, basic_altar,
          uniq_maurice
Elf:1:    elf_arrival_002, layout_loops_cross, minmay_elf_demonology
Elf:2:    layout_geoelf_grid
Elf:3:    minmay_elf_hall_hex, layout_geoelf_diagonals, serial_shops,
          nicolae_shop_waterfront
Vaults:1: vaults_room_fancy_cross, hangedman_vaults_impose,
          nicolae_vaults_little_ls, nicolae_vaults_puzzle_piece,
          v_alt_pattern_6, hangedman_vaults_corner_blocks,
          hangedman_vaults_restitches, grunt_vaults_focal, vaults_dpeg_diagonal,
          nicolae_vaults_diagonal_hallway_9, nicolae_vaults_diagonal_hallway_7,
          nicolae_vaults_alarming, layout_vaults_omnicross, serial_shops,
          nicolae_shop_competitors_out_of_business
Vaults:2: vaults_room_octagon, nicolae_vaults_triangles,
          nicolae_vaults_diagonal_hallway_7, vaults_dpeg_cross,
          nicolae_vaults_network_periphery, vaults_room_corners, v_misc_1,
          nicolae_vaults_ring_of_whatevers, layout_vaults_omnigrid
Vaults:3: minmay_crypt_entry_simple_statues, nicolae_vaults_border_crossing,
          nicolae_vaults_shelves_hall, nicolae_vaults_theta, vaults_room_grid,
          vaults_mumra_chevron, vaults_dpeg_hooks, v_misc_14,
          nicolae_vaults_three_branches, layout_vaults_big_room
Vaults:4: v_misc_33, ontoclasm_vaults_decontamination, vaults_room_ringed_pool,
          v_misc_12, vaults_room_octagon, v_pattern_4, v_alt_pattern_2,
          hangedman_vaults_river_flow, v_misc_22, ontoclasm_vaults_hangar,
          v_rooms_3, vaults_room_octagon, ontoclasm_vaults_twist,
          ontoclasm_vaults_ligature, v_alt_pattern_3, layout_vaults_maze,
          serial_shops, nicolae_shop_overgrown_old_shop, shop,
          nicolae_shop_behind_doors, uniq_boris
Vaults:5: uniq_sojobo
Crypt:1:  layout_chaotic_city, uniq_margery, uniq_saint_roka
Crypt:2:  layout_gridlike
Crypt:3:  cryptofortress_bobbens
Tomb:1

Skill      XL: |  1  2  3  4  5  6  7  8  9 10 11 12 13 14 15 16 17 18 19 20 21 22 23 24 25 26 |
---------------+-------------------------------------------------------------------------------+-----
Conjurations   | 1 2 3 4 5 6 |  6.0
Fire Magic     | 1 3 5 |  5.0
Air Magic      | 1 2 5 6 |  6.0
Dodging        | 3 4 5 7 |  7.0
Fighting       | 4 5 9 10 | 10.0
Armour         | 4 5 9 10 | 10.0
Necromancy     | 2 3 7 9 10 11 13 16 19 | 19.0
Spellcasting   | 4 6 7 9 13 14 15 16 | 16.0
Shields        | 7 9 14 15 | 15.0
Earth Magic    | 5 9 11 13 15 17 18 21 23 | 23.4
Charms         | 4 6 |  6.0
Transmutations | 4 8 9 15 19 | 19.0
Stealth        | |  2.4
Summonings     | |  1.0
Translocations | |  0.8

Action                   |  1- 3 |  4- 6 |  7- 9 | 10-12 | 13-15 | 16-18 | 19-21 | 22-24 | 25-27 || total
-------------------------+-------+-------+-------+-------+-------+-------+-------+-------+-------++-------
Melee: Dagger            |     1 |     4 |   156 |    75 |       |       |       |       |       ||   236
       Mace              |       |       |       |    54 |   547 |   224 |    14 |   191 |   142 ||  1172
       Kick              |       |       |       |       |       |       |     2 |       |       ||     2
 Fire: Hunting sling     |       |     4 |     2 |    80 |   418 |   691 |   699 |   232 |       ||  2126
       Fustibalus        |       |       |       |   277 |    85 |       |       |       |       ||   362
Throw: Dart              |       |     1 |     6 |     7 |     2 |       |       |       |       ||    16
 Cast: Magic Dart        |    88 |   150 |   258 |    92 |     1 |       |       |       |       ||   589
       Mephitic Cloud    |       |     3 |    31 |    68 |    82 |    27 |    11 |     1 |       ||   223
       Conjure Flame     |       |       |    27 |    38 |    52 |    20 |    18 |     1 |       ||   156
       Borgnjor's Vile C |       |       |       |    17 |   108 |   345 |   292 |   215 |   106 ||  1083
       Dispel Undead     |       |       |       |    10 |    14 |     4 |     5 |    47 |    58 ||   138
       Vampiric Draining |       |       |       |       |     8 |     3 |     6 |     3 |       ||    20
       Bolt of Magma     |       |       |       |       |     6 |     2 |     8 |     2 |       ||    18
       Sublimation of Bl |       |       |       |       |     3 |    15 |    19 |    20 |    19 ||    76
       Ozocubu's Armour  |       |       |       |       |       |     5 |    39 |    14 |     4 ||    62
       Statue Form       |       |       |       |       |       |       |     2 |       |       ||     2
       Necromutation     |       |       |       |       |       |       |       |    31 |    31 ||    62
       Shatter           |       |       |       |       |       |       |       |       |    16 ||    16
Invok: Receive Necronomi |       |       |       |     1 |       |       |       |       |       ||     1
       Renounce Religion |       |       |       |     1 |       |       |       |       |       ||     1
       Potion Petition   |       |       |       |       |       |       |       |     5 |     4 ||     9
 Abil: Dig               |       |    13 |     5 |    20 |    19 |     8 |     3 |       |       ||    68
       End Transformatio |       |       |       |       |       |       |       |    10 |    11 ||    21
Evoke: Wand              |       |       |       |       |       |       |     1 |       |       ||     1
  Use: Potion            |       |     3 |       |     2 |     6 |     4 |       |     1 |     5 ||    21
       Scroll            |       |       |    10 |    10 |     4 |    11 |     2 |     5 |       ||    42
 Stab: Confused          |       |       |     9 |    16 |    27 |     4 |     1 |       |       ||    57
       Distracted        |       |       |       |     1 |     4 |       |       |       |       ||     5
  Eat: Chunk             |       |     6 |    14 |    23 |       |       |       |       |       ||    43
       Ration            |       |     1 |     2 |     4 |    14 |    11 |     7 |     4 |     1 ||    44
Armor: Robe              |     2 |    85 |    15 |     4 |       |       |       |       |       ||   106
       Leather armour    |       |     1 |     5 |    20 |       |       |       |       |       ||    26
       Troll leather arm |       |       |       |     9 |   269 |   262 |   141 |   177 |   212 ||  1070
       Skin              |       |       |       |       |       |       |     9 |       |       ||     9
Dodge: Dodged            |    18 |   146 |    95 |   109 |   445 |   332 |   194 |   216 |   193 ||  1748
Block: Kite shield       |       |       |       |   120 |   428 |    93 |       |       |       ||   641
       Tower shield      |       |       |       |       |       |   411 |   402 |   457 |   431 ||  1701
